Philadelphia Phantoms vs Peoria Rivermen
Created - Saturday, September 20, 2025 at 10:20
Goals
|
| Philadelphia Phantoms |
1 |
1 |
4 |
6 |
| Peoria Rivermen |
2 |
1 |
0 |
3 |
|
Shots
|
| Philadelphia Phantoms |
10 |
16 |
18 |
44 |
| Peoria Rivermen |
12 |
15 |
5 |
32 |
|
1st period
1. Peoria Rivermen , Mason Lohrei 7 (Oskar Sundqvist 48, Matthew Sop 11) at 2:51 (PP)
2. Peoria Rivermen , Colin Blackwell 23 (Zachary Bolduc 37, Sean Walker 28) at 11:46
3. Philadelphia Phantoms , Marc Gatcomb 22 (Nils Aman 33) at 18:27
Penalties :
Samuel Johannesson (PHP) for Delaying the game (Minor) at 2:16, Noah Laba (PHP) for Hooking (Minor) at 6:51, Zachary Bolduc (PRM) for Tripping (Minor) at 18:49
2nd period
4. Peoria Rivermen , Colin Blackwell 24 (Zachary Bolduc 38) at 6:58 (PP)
5. Philadelphia Phantoms , Nils Aman 17 (Anton Johansson 11, Marc Gatcomb 23) at 12:35
Penalties :
Alex Steeves (PHP) for Holding (Minor) at 1:16, Michael Carcone (PHP) for Tripping (Minor) at 6:54, Tyler Tucker (PRM) for Roughing (Minor) at 10:09, Adam Klapka (PHP) for Tripping (Minor) at 10:15, Jaroslav Chmelar (PHP) for Roughing (Minor) at 17:51
3rd period
6. Philadelphia Phantoms , Noel Gunler 11 (Alex Steeves 32, Jaroslav Chmelar 15) at 6:50
7. Philadelphia Phantoms , Nils Aman 18 (Marc Gatcomb 24, Kai Uchacz 11) at 9:30
8. Philadelphia Phantoms , Jaroslav Chmelar 6 (Marc Gatcomb 25) at 10:17
9. Philadelphia Phantoms , Marc Gatcomb 23 (Nils Aman 34, Samuel Johannesson 20) at 12:33
Penalties :
No Penalty
Goalie Stats
Cooper Black (PHP), 29 saves from 32 shots - (0.906), W, 14-11-1, 60:00 minutes
Jaxson Stauber (PRM), 38 saves from 44 shots - (0.864), L, 11-7-1, 60:00 minutes
Players Stats for Philadelphia Phantoms
Player Name G A P +/- PIM S H SB GA TA FO MP PP MP PK MP
------------------------------------------------------------------------------------
0 0 0 0 0 0 0 0 0 0 0/0 0:00 0:00 0:00
Adam Klapka 0 0 0 -1 2 5 1 0 0 0 0/0 14:32 1:03 0:57
Albert Johansson 0 0 0 2 0 4 2 1 0 2 0/0 22:46 1:01 3:03
Alex Steeves 0 1 1 2 2 6 2 0 0 0 7/12 16:38 1:01 2:02
Anton Johansson 0 1 1 2 0 2 0 0 0 1 0/0 16:44 1:01 0:01
Jacob Quillan 0 0 0 0 0 1 1 0 0 2 7/13 17:27 1:04 3:19
Jaroslav Chmelar 1 1 2 2 2 3 3 1 0 0 0/0 13:34 0:00 0:00
Kai Uchacz 0 1 1 4 0 0 2 1 0 3 5/9 12:09 0:00 0:00
Marc Gatcomb 2 3 5 4 0 4 1 0 1 0 1/1 14:20 1:01 1:08
Michael Callahan 0 0 0 2 0 0 1 0 0 0 0/0 21:48 0:00 3:33
Michael Carcone 0 0 0 0 2 3 2 0 1 0 0/0 13:24 0:00 0:17
Nikolai Kovalenko 0 0 0 0 0 1 2 0 2 0 0/1 15:56 1:04 2:41
Nils Aman 2 2 4 4 0 5 1 0 1 0 0/1 13:12 1:01 0:00
Noah Laba 0 0 0 -1 2 1 1 0 0 2 8/15 12:18 0:00 0:00
Noel Gunler 1 0 1 2 0 1 0 0 0 0 1/1 12:26 0:00 0:00
Ryan Johnson 0 0 0 1 0 1 0 1 0 0 0/0 14:53 0:00 0:00
Samuel Johannesson 0 1 1 1 2 1 2 3 1 1 0/0 21:58 1:04 3:38
Tye Kartye 0 0 0 -1 0 4 0 0 0 0 0/0 15:24 0:00 3:00
Tyler Kleven 0 0 0 2 0 2 4 1 0 2 0/0 21:50 1:04 3:09
Players Stats for Peoria Rivermen
Player Name G A P +/- PIM S H SB GA TA FO MP PP MP PK MP
------------------------------------------------------------------------------------
0 0 0 0 0 0 0 0 0 0 0/0 0:00 0:00 0:00
Colin Blackwell 2 0 2 0 0 5 2 0 2 0 10/21 19:39 3:12 1:17
Gabriel Szturc 0 0 0 -1 0 0 0 0 0 1 0/0 8:19 0:06 0:00
Jalen Chatfield 0 0 0 0 0 2 1 1 0 0 0/0 20:56 3:31 0:57
Jonas Rondbjerg 0 0 0 0 0 0 1 0 0 1 0/2 17:21 3:08 0:00
Jonathan Gruden 0 0 0 -2 0 4 2 0 1 0 0/0 13:37 0:00 0:49
Marc Del Gaizo 0 0 0 -1 0 0 0 1 0 0 0/0 20:42 3:31 0:57
Mason Lohrei 1 0 1 -1 0 2 0 3 0 0 0/0 24:51 2:48 1:08
Matthew Sop 0 1 1 -1 0 1 1 0 0 0 0/0 11:13 3:10 0:00
Nick Leddy 0 0 0 -3 0 1 0 0 1 0 0/0 14:36 0:23 0:00
Nico Sturm 0 0 0 -2 0 4 3 0 1 0 2/5 13:37 0:00 0:00
Oskar Sundqvist 0 1 1 -2 0 1 1 0 3 0 8/15 19:17 3:24 0:48
Patrick Giles 0 0 0 -2 0 2 3 1 4 1 0/0 17:37 3:24 0:00
Riley Duran 0 0 0 -1 0 0 2 0 0 0 0/3 8:44 0:28 0:00
Sean Walker 0 1 1 -2 0 1 2 3 0 1 0/0 24:48 3:11 1:08
Tanner Fritz 0 0 0 -2 0 1 0 0 0 0 0/0 12:45 0:00 0:00
Tyler Tucker 0 0 0 -3 2 4 2 0 0 2 0/0 14:08 0:02 0:00
Tyson Kozak 0 0 0 -2 0 1 1 0 0 0 3/4 15:29 0:00 1:16
Zachary Bolduc 0 2 2 0 2 3 1 0 1 0 1/3 18:21 3:12 0:00
3 Stars
1 - Marc Gatcomb (PHP)
2 - Nils Aman (PHP)
3 - Jaroslav Chmelar (PHP)
Power Play
Philadelphia Phantoms - 0 on 2 Attempt(s) - 0.00%
Peoria Rivermen - 2 on 6 Attempt(s) - 33.33%
Penalty Kill
Philadelphia Phantoms - 4 on 6 Attempt(s) - 66.67%
- Score 0 goal in Penalty Kill
Peoria Rivermen - 2 on 2 Attempt(s) - 100.00%
- Score 0 goal in Penalty Kill
Team Stat
Philadelphia Phantoms - Hits : 25 - Faceoff Wins : 29 - Blocked Shots : 8 - Penalty Minutes : 12
Peoria Rivermen - Hits : 22 - Faceoff Wins : 24 - Blocked Shots : 9 - Penalty Minutes : 4
Official
Referees : Chris Rooney and Kelly Sutherland
Linesman : Jonathan Deschamps and Ben O'Quinn
Game Notes
10:27 of 2nd period - Philadelphia Phantoms goal is going for a video replay. After video review, No Goal. The referee deems the play has been stopped, even if he had not physically had the opportunity to stop play by blowing his whistle.
Philadelphia Phantoms
5 vs 5 Forward
Center Left Wing Right Wing Time % Phy DF OF
1 Alex Steeves Jaroslav Chmelar Noel Gunler 25 1 2 2
2 Jacob Quillan Michael Carcone Nikolai Kovalenko 25 1 2 2
3 Kai Uchacz Marc Gatcomb Nils Aman 25 1 2 2
4 Noah Laba Tye Kartye Adam Klapka 25 1 2 2
5 vs 5 Defense
Defense Defense Time % Phy DF OF
1 Samuel Johannesson Tyler Kleven 35 1 2 2
2 Albert Johansson Michael Callahan 35 1 2 2
3 Ryan Johnson Anton Johansson 30 1 2 2
4 Samuel Johannesson Tyler Kleven 0 1 2 2
PowerPlay Forward
Center Left Wing Right Wing Time % Phy DF OF
1 Alex Steeves Marc Gatcomb Nils Aman 50 1 2 2
2 Jacob Quillan Adam Klapka Nikolai Kovalenko 50 1 2 2
PowerPlay Defense
Defense Defense Time % Phy DF OF
1 Anton Johansson Albert Johansson 50 1 2 2
2 Samuel Johannesson Tyler Kleven 50 1 2 2
Penalty Kill 4 Players Forward
Center Wing Time % Phy DF OF
1 Alex Steeves Tye Kartye 50 1 2 2
2 Jacob Quillan Nikolai Kovalenko 50 1 2 2
Penalty Kill 4 Players Defense
Defense Defense Time % Phy DF OF
1 Albert Johansson Tyler Kleven 50 1 2 2
2 Michael Callahan Samuel Johannesson 50 1 2 2
Penalty Kill - 3 Players Forward
Forward Time % Phy DF OF
1 Tye Kartye 50 1 2 2
2 Nikolai Kovalenko 50 1 2 2
Penalty Kill - 3 Players Defense
Defense Defense Time % Phy DF OF
1 Albert Johansson Tyler Kleven 50 1 2 2
2 Michael Callahan Samuel Johannesson 50 1 2 2
4 vs 4 Forward
Center Wing Time % Phy DF OF
1 Alex Steeves Jaroslav Chmelar 50 1 2 2
2 Jacob Quillan Michael Carcone 50 1 2 2
4 vs 4 Defense
Defense Defense Time % Phy DF OF
1 Samuel Johannesson Tyler Kleven 50 1 2 2
2 Albert Johansson Michael Callahan 50 1 2 2
Last Minutes Offensive
Center Left Wing Right Wing Defense Defense
Alex Steeves Marc Gatcomb Adam Klapka Anton Johansson Albert Johansson
Last Minutes Defensive
Center Left Wing Right Wing Defense Defense
Alex Steeves Jacob Quillan Tye Kartye Albert Johansson Tyler Kleven
Goaltenders
Starting : Cooper Black
Backup : Colten Ellis
Extra Forwards
Normal : Alex Steeves, Jacob Quillan, Tye Kartye - PP : Marc Gatcomb, Adam Klapka - PK : Tye Kartye
Extra Defensemen
Normal : Samuel Johannesson, Tyler Kleven, Albert Johansson - PP : Anton Johansson - PK : Anton Johansson, Samuel Johannesson
Penalty Shots
Alex Steeves, Jacob Quillan, Marc Gatcomb, Adam Klapka, Michael Carcone
Scratches
Chase Bradley (Healthy), James Malatesta (Healthy), Ryan Winterton (Healthy), Matt Rempe (Healthy), Sam Lipkin (Healthy)
Parker Bell (Healthy), Gavin Hayes (Healthy), Braeden Kressler (Healthy), Isaac Poulter (Healthy), Dennis Hildeby (Healthy)
Peoria Rivermen
5 vs 5 Forward
Center Left Wing Right Wing Time % Phy DF OF
1 Colin Blackwell Zachary Bolduc Jonas Rondbjerg 30 1 2 2
2 Oskar Sundqvist Tyson Kozak Patrick Giles 30 1 2 2
3 Nico Sturm Jonathan Gruden Tanner Fritz 25 1 2 2
4 Riley Duran Matthew Sop Gabriel Szturc 15 1 2 2
5 vs 5 Defense
Defense Defense Time % Phy DF OF
1 Jalen Chatfield Mason Lohrei 30 1 2 2
2 Sean Walker Marc Del Gaizo 30 1 2 2
3 Nick Leddy Tyler Tucker 25 1 2 2
4 Sean Walker Mason Lohrei 15 1 2 2
PowerPlay Forward
Center Left Wing Right Wing Time % Phy DF OF
1 Colin Blackwell Zachary Bolduc Jonas Rondbjerg 50 1 2 2
2 Oskar Sundqvist Matthew Sop Patrick Giles 50 1 2 2
PowerPlay Defense
Defense Defense Time % Phy DF OF
1 Sean Walker Mason Lohrei 50 1 2 2
2 Jalen Chatfield Marc Del Gaizo 50 1 2 2
Penalty Kill 4 Players Forward
Center Wing Time % Phy DF OF
1 Tyson Kozak Oskar Sundqvist 50 1 2 2
2 Colin Blackwell Zachary Bolduc 50 1 2 2
Penalty Kill 4 Players Defense
Defense Defense Time % Phy DF OF
1 Sean Walker Mason Lohrei 50 1 2 2
2 Jalen Chatfield Marc Del Gaizo 50 1 2 2
Penalty Kill - 3 Players Forward
Forward Time % Phy DF OF
1 Zachary Bolduc 50 1 2 2
2 Colin Blackwell 50 1 2 2
Penalty Kill - 3 Players Defense
Defense Defense Time % Phy DF OF
1 Sean Walker Mason Lohrei 50 1 2 2
2 Jalen Chatfield Marc Del Gaizo 50 1 2 2
4 vs 4 Forward
Center Wing Time % Phy DF OF
1 Zachary Bolduc Colin Blackwell 50 1 2 2
2 Oskar Sundqvist Nico Sturm 50 1 2 2
4 vs 4 Defense
Defense Defense Time % Phy DF OF
1 Sean Walker Mason Lohrei 50 1 2 2
2 Jalen Chatfield Marc Del Gaizo 50 1 2 2
Last Minutes Offensive
Center Left Wing Right Wing Defense Defense
Colin Blackwell Zachary Bolduc Jonas Rondbjerg Sean Walker Mason Lohrei
Last Minutes Defensive
Center Left Wing Right Wing Defense Defense
Tyson Kozak Matthew Sop Tanner Fritz Sean Walker Mason Lohrei
Goaltenders
Starting : Jaxson Stauber
Backup : William Rousseau
Extra Forwards
Normal : Riley Duran, Gabriel Szturc, Tyson Kozak - PP : Riley Duran, Gabriel Szturc - PK : Tyson Kozak
Extra Defensemen
Normal : Nick Leddy, Tyler Tucker, Jalen Chatfield - PP : Nick Leddy - PK : Tyler Tucker, Jalen Chatfield
Penalty Shots
Zachary Bolduc, Colin Blackwell, Oskar Sundqvist, Nico Sturm, Tyson Kozak
Scratches
Ryan Ufko (Healthy), Victor Soderstrom (Healthy), Matthew Seminoff (Healthy), Yegor Zamula (Healthy), Matt Kessel (Healthy)
Zachary Fucale (Healthy)
% Time on Ice - Philadelphia Phantoms
Lines # - Real PCT - Wanted PCT - Time Play
Normal Forward
1 - 25% - 25% - 12:29
2 - 25% - 25% - 12:24
3 - 25% - 25% - 12:09
4 - 25% - 25% - 12:18
Normal Defense
1 - 35% - 35% - 17:19
2 - 35% - 35% - 17:08
3 - 30% - 30% - 14:53
4 - 0% - 0% - 0:00
PP Forward
1 - 49% - 50% - 1:01
2 - 51% - 50% - 1:04
PP Defense
1 - 49% - 50% - 1:01
2 - 51% - 50% - 1:04
PK Forward
1 - 53% - 50% - 3:33
2 - 47% - 50% - 3:09
PK Defense
1 - 47% - 50% - 3:09
2 - 53% - 50% - 3:33
PK3 Forward
1 - 0% - 50%
2 - 0% - 50%
PK3 Defense
1 - 0% - 50%
2 - 0% - 50%
44 Forward
1 - 56% - 50% - 1:03
2 - 44% - 50% - 0:50
44 Defense
1 - 41% - 50% - 0:46
2 - 59% - 50% - 1:07
Last Minute Offensive - 0:00
Last Minute Defensive - 0:00
Total
Forward - 60:00
Defense - 60:00
|
% Time on Ice - Peoria Rivermen
Lines # - Real PCT - Wanted PCT - Time Play
Normal Forward
1 - 29% - 30% - 14:13
2 - 29% - 30% - 14:16
3 - 26% - 25% - 12:45
4 - 16% - 15% - 8:06
Normal Defense
1 - 31% - 30% - 15:22
2 - 31% - 30% - 15:12
3 - 28% - 25% - 13:51
4 - 10% - 15% - 4:55
PP Forward
1 - 49% - 50% - 3:15
2 - 51% - 50% - 3:27
PP Defense
1 - 48% - 50% - 3:11
2 - 52% - 50% - 3:31
PK Forward
1 - 38% - 50% - 0:48
2 - 62% - 50% - 1:17
PK Defense
1 - 54% - 50% - 1:08
2 - 46% - 50% - 0:57
PK3 Forward
1 - 0% - 50%
2 - 0% - 50%
PK3 Defense
1 - 0% - 50%
2 - 0% - 50%
44 Forward
1 - 54% - 50% - 1:01
2 - 46% - 50% - 0:52
44 Defense
1 - 45% - 50% - 0:51
2 - 55% - 50% - 1:02
Last Minute Offensive - 0:00
Last Minute Defensive - 0:00
Total
Forward - 60:00
Defense - 60:00
|
Play-by-Play
1st period
0:01 of 1st period - Colin Blackwell wins face-off versus Alex Steeves in neutral zone.
0:10 of 1st period - Snap shot by Colin Blackwell.
0:10 of 1st period - Shot Misses the Net.
0:12 of 1st period - Slapshot by Jalen Chatfield.
0:12 of 1st period - Stopped by Cooper Black with a rebound.
0:14 of 1st period - Slapshot by Jalen Chatfield.
0:14 of 1st period - Stopped by Cooper Black without a rebound.
0:15 of 1st period - Jacob Quillan wins face-off versus Oskar Sundqvist in Philadelphia Phantoms zone.
0:15 of 1st period - Jacob Quillan is hit by Tyson Kozak.
0:23 of 1st period - Snap shot by Michael Carcone.
0:23 of 1st period - Shot Blocked by Sean Walker.
0:48 of 1st period - Off-side.
0:49 of 1st period - Noah Laba wins face-off versus Riley Duran in neutral zone.
0:52 of 1st period - Tyler Tucker is hit by Adam Klapka and loses puck.
1:17 of 1st period - Snap shot by Adam Klapka.
1:17 of 1st period - Stopped by Jaxson Stauber with a rebound.
1:41 of 1st period - Nico Sturm is hit by Jaroslav Chmelar and loses puck.
2:16 of 1st period - Minor Penalty to Samuel Johannesson for Delaying the game.
2:17 of 1st period - Alex Steeves wins face-off versus Colin Blackwell in Philadelphia Phantoms zone.
2:42 of 1st period - Nikolai Kovalenko is hit by Oskar Sundqvist and loses puck.
2:51 of 1st period - Slapshot by Mason Lohrei.
2:51 of 1st period - Goal by Mason Lohrei - Philadelphia Phantoms : 0 - Peoria Rivermen : 1.
2:52 of 1st period - Colin Blackwell wins face-off versus Noah Laba in neutral zone.
4:57 of 1st period - Noah Laba is hit by Nico Sturm and loses puck.
6:40 of 1st period - Icing by Nico Sturm.
6:41 of 1st period - Alex Steeves wins face-off versus Riley Duran in Peoria Rivermen zone.
6:42 of 1st period - Slapshot by Jaroslav Chmelar.
6:42 of 1st period - Stopped by Jaxson Stauber with a rebound.
6:48 of 1st period - Wrist shot by Riley Duran.
6:48 of 1st period - Deflect By Matthew Sop.
6:48 of 1st period - Stopped by Cooper Black without a rebound.
6:49 of 1st period - Noah Laba wins face-off versus Zachary Bolduc in Philadelphia Phantoms zone.
6:51 of 1st period - Minor Penalty to Noah Laba for Hooking.
6:52 of 1st period - Alex Steeves wins face-off versus Oskar Sundqvist in Philadelphia Phantoms zone.
7:26 of 1st period - Samuel Johannesson is hit by Sean Walker.
8:51 of 1st period - Penalty to Noah Laba is over, Noah Laba is back on ice.
9:44 of 1st period - Mason Lohrei is hit by Jacob Quillan and loses puck.
10:04 of 1st period - Jaroslav Chmelar is hit by Riley Duran and loses puck.
10:25 of 1st period - Wrist shot by Zachary Bolduc.
10:25 of 1st period - Deflect By Colin Blackwell.
10:25 of 1st period - Shot Misses the Net.
10:25 of 1st period - Puck is out of play.
10:26 of 1st period - Marc Gatcomb wins face-off versus Colin Blackwell in Philadelphia Phantoms zone.
11:17 of 1st period - Snap shot by Oskar Sundqvist.
11:17 of 1st period - Stopped by Cooper Black without a rebound.
11:18 of 1st period - Colin Blackwell wins face-off versus Noah Laba in Philadelphia Phantoms zone.
11:23 of 1st period - Slapshot by Zachary Bolduc.
11:23 of 1st period - Stopped by Cooper Black with a rebound.
11:25 of 1st period - Snap shot by Tyler Tucker.
11:25 of 1st period - Deflect By Tye Kartye.
11:25 of 1st period - Stopped by Cooper Black with a rebound.
11:27 of 1st period - Slapshot by Tyler Tucker.
11:27 of 1st period - Stopped by Cooper Black without a rebound.
11:28 of 1st period - Noah Laba wins face-off versus Colin Blackwell in Philadelphia Phantoms zone.
11:28 of 1st period - Noah Laba is hit by Jonas Rondbjerg.
11:44 of 1st period - Wrist shot by Zachary Bolduc.
11:44 of 1st period - Shot Misses the Net.
11:46 of 1st period - Wrist shot by Colin Blackwell.
11:46 of 1st period - Goal by Colin Blackwell - Philadelphia Phantoms : 0 - Peoria Rivermen : 2.
11:47 of 1st period - Oskar Sundqvist wins face-off versus Alex Steeves in neutral zone.
11:50 of 1st period - Snap shot by Patrick Giles.
11:50 of 1st period - Shot Blocked by Jaroslav Chmelar.
12:21 of 1st period - Wrist shot by Tye Kartye.
12:21 of 1st period - Shot Misses the Net.
12:37 of 1st period - Slapshot by Jonathan Gruden.
12:37 of 1st period - Stopped by Cooper Black without a rebound.
12:38 of 1st period - Oskar Sundqvist wins face-off versus Nikolai Kovalenko in Philadelphia Phantoms zone.
13:03 of 1st period - Jalen Chatfield is hit by Tyler Kleven.
14:13 of 1st period - Tyler Tucker is hit by Tyler Kleven and loses puck.
14:35 of 1st period - Slapshot by Nils Aman.
14:35 of 1st period - Stopped by Jaxson Stauber without a rebound.
14:36 of 1st period - Kai Uchacz wins face-off versus Colin Blackwell in Peoria Rivermen zone.
14:41 of 1st period - Wrist shot by Marc Gatcomb.
14:41 of 1st period - Shot Misses the Net.
14:49 of 1st period - Colin Blackwell is hit by Marc Gatcomb.
15:40 of 1st period - Icing by Noel Gunler.
15:41 of 1st period - Jacob Quillan wins face-off versus Nico Sturm in Philadelphia Phantoms zone.
15:46 of 1st period - Slapshot by Mason Lohrei.
15:46 of 1st period - Stopped by Cooper Black with a rebound.
15:52 of 1st period - Snap shot by Jacob Quillan.
15:52 of 1st period - Shot Blocked by Sean Walker.
15:54 of 1st period - Slapshot by Ryan Johnson.
15:54 of 1st period - Stopped by Jaxson Stauber with a rebound.
15:56 of 1st period - Slapshot by Michael Carcone.
15:56 of 1st period - Stopped by Jaxson Stauber without a rebound.
15:57 of 1st period - Oskar Sundqvist wins face-off versus Kai Uchacz in Peoria Rivermen zone.
16:31 of 1st period - Slapshot by Colin Blackwell.
16:31 of 1st period - Stopped by Cooper Black with a rebound.
16:51 of 1st period - Snap shot by Tanner Fritz.
16:51 of 1st period - Shot Misses the Net.
17:09 of 1st period - Slapshot by Oskar Sundqvist.
17:09 of 1st period - Shot Blocked by Albert Johansson.
17:26 of 1st period - Icing by Nils Aman.
17:27 of 1st period - Tyson Kozak wins face-off versus Kai Uchacz in Philadelphia Phantoms zone.
17:49 of 1st period - Snap shot by Nils Aman.
17:49 of 1st period - Stopped by Jaxson Stauber with a rebound.
18:25 of 1st period - Wrist shot by Marc Gatcomb.
18:25 of 1st period - Stopped by Jaxson Stauber with a rebound.
18:27 of 1st period - Snap shot by Nils Aman.
18:27 of 1st period - Deflect By Marc Gatcomb.
18:27 of 1st period - Goal by Marc Gatcomb - Philadelphia Phantoms : 1 - Peoria Rivermen : 2.
18:28 of 1st period - Jacob Quillan wins face-off versus Colin Blackwell in neutral zone.
18:49 of 1st period - Minor Penalty to Zachary Bolduc for Tripping.
18:50 of 1st period - Tyson Kozak wins face-off versus Alex Steeves in Peoria Rivermen zone.
19:22 of 1st period - Snap shot by Nikolai Kovalenko.
19:22 of 1st period - Shot Blocked by Mason Lohrei.
19:24 of 1st period - Slapshot by Albert Johansson.
19:24 of 1st period - Stopped by Jaxson Stauber without a rebound.
19:25 of 1st period - Colin Blackwell wins face-off versus Alex Steeves in Peoria Rivermen zone.
19:58 of 1st period - Snap shot by Adam Klapka.
19:58 of 1st period - Stopped by Jaxson Stauber with a rebound.
Goals for this period are 1 for Philadelphia Phantoms vs 2 for Peoria Rivermen.
Shots for this period are 10 for Philadelphia Phantoms vs 12 for Peoria Rivermen.
2nd period
0:01 of 2nd period - Tyson Kozak wins face-off versus Jacob Quillan in neutral zone.
0:49 of 2nd period - Penalty to Zachary Bolduc is over, Zachary Bolduc is back on ice.
1:16 of 2nd period - Minor Penalty to Alex Steeves for Holding.
1:17 of 2nd period - Oskar Sundqvist wins face-off versus Jacob Quillan in Philadelphia Phantoms zone.
1:17 of 2nd period - Snap shot by Patrick Giles.
1:17 of 2nd period - Stopped by Cooper Black without a rebound.
1:18 of 2nd period - Oskar Sundqvist wins face-off versus Jacob Quillan in Philadelphia Phantoms zone.
1:19 of 2nd period - Wrist shot by Patrick Giles.
1:19 of 2nd period - Deflect By Oskar Sundqvist.
1:19 of 2nd period - Shot Misses the Net.
1:19 of 2nd period - Puck is out of play.
1:20 of 2nd period - Jacob Quillan wins face-off versus Oskar Sundqvist in Philadelphia Phantoms zone.
1:20 of 2nd period - Jacob Quillan is hit by Matthew Sop.
1:50 of 2nd period - Snap shot by Jonas Rondbjerg.
1:50 of 2nd period - Shot Blocked by Samuel Johannesson.
1:52 of 2nd period - Slapshot by Zachary Bolduc.
1:52 of 2nd period - Shot Blocked by Samuel Johannesson.
1:54 of 2nd period - Slapshot by Marc Del Gaizo.
1:54 of 2nd period - Shot Blocked by Samuel Johannesson.
1:56 of 2nd period - Snap shot by Zachary Bolduc.
1:56 of 2nd period - Shot Misses the Net.
2:16 of 2nd period - Snap shot by Marc Gatcomb.
2:16 of 2nd period - Shot Blocked by Mason Lohrei.
3:16 of 2nd period - Penalty to Alex Steeves is over, Alex Steeves is back on ice.
3:37 of 2nd period - Ryan Johnson is hit by Jonathan Gruden and loses puck.
3:48 of 2nd period - Tye Kartye is hit by Riley Duran and loses puck.
4:12 of 2nd period - Nico Sturm is hit by Kai Uchacz and loses puck.
4:53 of 2nd period - Icing by Adam Klapka.
4:54 of 2nd period - Jacob Quillan wins face-off versus Riley Duran in Philadelphia Phantoms zone.
5:17 of 2nd period - Marc Gatcomb is hit by Zachary Bolduc and loses puck.
5:22 of 2nd period - Wrist shot by Zachary Bolduc.
5:22 of 2nd period - Stopped by Cooper Black with a rebound.
5:24 of 2nd period - Wrist shot by Tyler Tucker.
5:24 of 2nd period - Stopped by Cooper Black without a rebound.
5:25 of 2nd period - Oskar Sundqvist wins face-off versus Noah Laba in Philadelphia Phantoms zone.
5:32 of 2nd period - Backhand shot by Tyson Kozak.
5:32 of 2nd period - Shot Misses the Net.
5:41 of 2nd period - Off-side.
5:42 of 2nd period - Colin Blackwell wins face-off versus Jacob Quillan in neutral zone.
6:17 of 2nd period - Wrist shot by Alex Steeves.
6:17 of 2nd period - Stopped by Jaxson Stauber without a rebound.
6:18 of 2nd period - Noah Laba wins face-off versus Oskar Sundqvist in Peoria Rivermen zone.
6:19 of 2nd period - Snap shot by Tye Kartye.
6:19 of 2nd period - Shot Blocked by Sean Walker.
6:21 of 2nd period - Snap shot by Adam Klapka.
6:21 of 2nd period - Shot Blocked by Patrick Giles.
6:23 of 2nd period - Slapshot by Tyler Kleven.
6:23 of 2nd period - Deflect By Marc Del Gaizo.
6:23 of 2nd period - Stopped by Jaxson Stauber with a rebound.
6:31 of 2nd period - Wrist shot by Tye Kartye.
6:31 of 2nd period - Stopped by Jaxson Stauber without a rebound.
6:32 of 2nd period - Nico Sturm wins face-off versus Jacob Quillan in Peoria Rivermen zone.
6:32 of 2nd period - Nico Sturm is hit by Nikolai Kovalenko.
6:46 of 2nd period - Wrist shot by Nico Sturm.
6:46 of 2nd period - Stopped by Cooper Black with a rebound.
6:54 of 2nd period - Minor Penalty to Michael Carcone for Tripping.
6:55 of 2nd period - Colin Blackwell wins face-off versus Jacob Quillan in Philadelphia Phantoms zone.
6:56 of 2nd period - Slapshot by Zachary Bolduc.
6:56 of 2nd period - Shot Misses the Net.
6:58 of 2nd period - Wrist shot by Colin Blackwell.
6:58 of 2nd period - Goal by Colin Blackwell - Philadelphia Phantoms : 1 - Peoria Rivermen : 3.
6:59 of 2nd period - Noah Laba wins face-off versus Oskar Sundqvist in neutral zone.
7:15 of 2nd period - Snap shot by Adam Klapka.
7:15 of 2nd period - Stopped by Jaxson Stauber with a rebound.
7:55 of 2nd period - Wrist shot by Nico Sturm.
7:55 of 2nd period - Stopped by Cooper Black without a rebound.
7:56 of 2nd period - Noah Laba wins face-off versus Oskar Sundqvist in Philadelphia Phantoms zone.
8:09 of 2nd period - Wrist shot by Tye Kartye.
8:09 of 2nd period - Stopped by Jaxson Stauber with a rebound.
8:21 of 2nd period - Zachary Bolduc is hit by Alex Steeves and loses puck.
8:47 of 2nd period - Tanner Fritz is hit by Samuel Johannesson and loses puck.
8:56 of 2nd period - Tyler Kleven is hit by Sean Walker and loses puck.
9:03 of 2nd period - Tanner Fritz is hit by Tyler Kleven and loses puck.
9:38 of 2nd period - Slapshot by Sean Walker.
9:38 of 2nd period - Stopped by Cooper Black without a rebound.
9:39 of 2nd period - Colin Blackwell wins face-off versus Kai Uchacz in Philadelphia Phantoms zone.
9:42 of 2nd period - Snap shot by Colin Blackwell.
9:42 of 2nd period - Stopped by Cooper Black without a rebound.
9:43 of 2nd period - Zachary Bolduc wins face-off versus Nils Aman in Philadelphia Phantoms zone.
9:44 of 2nd period - Wrist shot by Colin Blackwell.
9:44 of 2nd period - Shot Misses the Net.
10:09 of 2nd period - Minor Penalty to Tyler Tucker for Roughing.
10:10 of 2nd period - Jacob Quillan wins face-off versus Tyson Kozak in Peoria Rivermen zone.
10:15 of 2nd period - Minor Penalty to Adam Klapka for Tripping.
10:16 of 2nd period - Alex Steeves wins face-off versus Zachary Bolduc in Philadelphia Phantoms zone.
10:20 of 2nd period - Zachary Bolduc is hit by Samuel Johannesson and loses puck.
10:25 of 2nd period - Snap shot by Alex Steeves.
10:25 of 2nd period - Shot Misses the Net.
10:27 of 2nd period - Slapshot by Alex Steeves.
10:27 of 2nd period - Philadelphia Phantoms goal is going for a video replay.
10:27 of 2nd period - The goal is refused. The referee deems the play has been stopped, even if he had not physically had the opportunity to stop play by blowing his whistle..
10:28 of 2nd period - Jacob Quillan wins face-off versus Nico Sturm in Peoria Rivermen zone.
10:33 of 2nd period - Wrist shot by Michael Carcone.
10:33 of 2nd period - Shot Misses the Net.
10:35 of 2nd period - Slapshot by Michael Callahan.
10:35 of 2nd period - Shot Misses the Net.
10:37 of 2nd period - Wrist shot by Michael Carcone.
10:37 of 2nd period - Stopped by Jaxson Stauber with a rebound.
10:39 of 2nd period - Slapshot by Albert Johansson.
10:39 of 2nd period - Stopped by Jaxson Stauber with a rebound.
10:41 of 2nd period - Snap shot by Michael Callahan.
10:41 of 2nd period - Shot Misses the Net.
10:43 of 2nd period - Snap shot by Jacob Quillan.
10:43 of 2nd period - Stopped by Jaxson Stauber with a rebound.
12:09 of 2nd period - Penalty to Tyler Tucker is over, Tyler Tucker is back on ice.
12:15 of 2nd period - Penalty to Adam Klapka is over, Adam Klapka is back on ice.
12:31 of 2nd period - Snap shot by Marc Gatcomb.
12:31 of 2nd period - Stopped by Jaxson Stauber with a rebound.
12:33 of 2nd period - Snap shot by Anton Johansson.
12:33 of 2nd period - Stopped by Jaxson Stauber with a rebound.
12:35 of 2nd period - Slapshot by Nils Aman.
12:35 of 2nd period - Goal by Nils Aman - Philadelphia Phantoms : 2 - Peoria Rivermen : 3.
12:36 of 2nd period - Alex Steeves wins face-off versus Colin Blackwell in neutral zone.
12:41 of 2nd period - Snap shot by Alex Steeves.
12:41 of 2nd period - Stopped by Jaxson Stauber with a rebound.
12:43 of 2nd period - Wrist shot by Alex Steeves.
12:43 of 2nd period - Stopped by Jaxson Stauber with a rebound.
12:45 of 2nd period - Snap shot by Alex Steeves.
12:45 of 2nd period - Shot Misses the Net.
13:23 of 2nd period - Snap shot by Jonathan Gruden.
13:23 of 2nd period - Stopped by Cooper Black with a rebound.
13:31 of 2nd period - Snap shot by Nils Aman.
13:31 of 2nd period - Shot Hit the Post.
14:09 of 2nd period - Slapshot by Tye Kartye.
14:09 of 2nd period - Stopped by Jaxson Stauber with a rebound.
14:39 of 2nd period - Sean Walker is hit by Albert Johansson.
15:01 of 2nd period - Wrist shot by Nico Sturm.
15:01 of 2nd period - Stopped by Cooper Black with a rebound.
15:03 of 2nd period - Wrist shot by Jonathan Gruden.
15:03 of 2nd period - Stopped by Cooper Black with a rebound.
15:05 of 2nd period - Wrist shot by Tanner Fritz.
15:05 of 2nd period - Stopped by Cooper Black with a rebound.
15:07 of 2nd period - Snap shot by Jonathan Gruden.
15:07 of 2nd period - Stopped by Cooper Black without a rebound.
15:08 of 2nd period - Noah Laba wins face-off versus Colin Blackwell in Philadelphia Phantoms zone.
15:13 of 2nd period - Zachary Bolduc is hit by Noah Laba and loses puck.
15:41 of 2nd period - Snap shot by Alex Steeves.
15:41 of 2nd period - Shot Misses the Net.
15:43 of 2nd period - Wrist shot by Noel Gunler.
15:43 of 2nd period - Shot Misses the Net.
15:45 of 2nd period - Backhand shot by Tyler Kleven.
15:45 of 2nd period - Stopped by Jaxson Stauber with a rebound.
16:04 of 2nd period - Nikolai Kovalenko is hit by Nico Sturm.
16:16 of 2nd period - Michael Callahan is hit by Jalen Chatfield and loses puck.
16:43 of 2nd period - Nikolai Kovalenko is hit by Jonathan Gruden and loses puck.
17:12 of 2nd period - Samuel Johannesson is hit by Nico Sturm and loses puck.
17:19 of 2nd period - Snap shot by Nico Sturm.
17:19 of 2nd period - Deflect By Jonathan Gruden.
17:19 of 2nd period - Shot Blocked by Tyler Kleven.
17:19 of 2nd period - Puck is out of play.
17:20 of 2nd period - Oskar Sundqvist wins face-off versus Noah Laba in Philadelphia Phantoms zone.
17:51 of 2nd period - Minor Penalty to Jaroslav Chmelar for Roughing.
17:52 of 2nd period - Colin Blackwell wins face-off versus Alex Steeves in Philadelphia Phantoms zone.
17:52 of 2nd period - Wrist shot by Zachary Bolduc.
17:52 of 2nd period - Deflect By Colin Blackwell.
17:52 of 2nd period - Stopped by Cooper Black without a rebound.
17:53 of 2nd period - Alex Steeves wins face-off versus Colin Blackwell in Philadelphia Phantoms zone.
19:51 of 2nd period - Penalty to Jaroslav Chmelar is over, Jaroslav Chmelar is back on ice.
19:56 of 2nd period - Snap shot by Nico Sturm.
19:56 of 2nd period - Stopped by Cooper Black without a rebound.
19:57 of 2nd period - Kai Uchacz wins face-off versus Nico Sturm in Philadelphia Phantoms zone.
Goals for this period are 1 for Philadelphia Phantoms vs 1 for Peoria Rivermen.
Shots for this period are 16 for Philadelphia Phantoms vs 15 for Peoria Rivermen.
3rd period
0:01 of 3rd period - Alex Steeves wins face-off versus Colin Blackwell in neutral zone.
0:25 of 3rd period - Mason Lohrei is hit by Albert Johansson and loses puck.
1:11 of 3rd period - Adam Klapka is hit by Tyler Tucker and loses puck.
2:00 of 3rd period - Slapshot by Anton Johansson.
2:00 of 3rd period - Deflect By Jalen Chatfield.
2:00 of 3rd period - Stopped by Jaxson Stauber with a rebound.
2:02 of 3rd period - Slapshot by Nils Aman.
2:02 of 3rd period - Deflect By Marc Gatcomb.
2:02 of 3rd period - Shot Misses the Net.
2:02 of 3rd period - Puck is out of play.
2:03 of 3rd period - Noel Gunler wins face-off versus Colin Blackwell in Peoria Rivermen zone.
2:35 of 3rd period - Snap shot by Nils Aman.
2:35 of 3rd period - Shot Misses the Net.
2:49 of 3rd period - Slapshot by Albert Johansson.
2:49 of 3rd period - Stopped by Jaxson Stauber with a rebound.
2:51 of 3rd period - Slapshot by Tyler Kleven.
2:51 of 3rd period - Shot Blocked by Jalen Chatfield.
3:11 of 3rd period - Jalen Chatfield is hit by Kai Uchacz and loses puck.
3:44 of 3rd period - Alex Steeves is hit by Patrick Giles and loses puck.
4:17 of 3rd period - Snap shot by Tye Kartye.
4:17 of 3rd period - Deflect By Noah Laba.
4:17 of 3rd period - Stopped by Jaxson Stauber with a rebound.
4:19 of 3rd period - Snap shot by Tye Kartye.
4:19 of 3rd period - Stopped by Jaxson Stauber with a rebound.
4:25 of 3rd period - Snap shot by Adam Klapka.
4:25 of 3rd period - Stopped by Jaxson Stauber with a rebound.
4:27 of 3rd period - Slapshot by Ryan Johnson.
4:27 of 3rd period - Shot Blocked by Marc Del Gaizo.
4:37 of 3rd period - Colin Blackwell is hit by Nikolai Kovalenko and loses puck.
5:03 of 3rd period - Nils Aman is hit by Patrick Giles and loses puck.
5:30 of 3rd period - Wrist shot by Jaroslav Chmelar.
5:30 of 3rd period - Stopped by Jaxson Stauber with a rebound.
5:45 of 3rd period - Wrist shot by Nico Sturm.
5:45 of 3rd period - Shot Misses the Net.
5:59 of 3rd period - Mason Lohrei is hit by Michael Carcone and loses puck.
6:04 of 3rd period - Snap shot by Nikolai Kovalenko.
6:04 of 3rd period - Stopped by Jaxson Stauber with a rebound.
6:20 of 3rd period - Snap shot by Patrick Giles.
6:20 of 3rd period - Stopped by Cooper Black with a rebound.
6:48 of 3rd period - Snap shot by Alex Steeves.
6:48 of 3rd period - Stopped by Jaxson Stauber with a rebound.
6:50 of 3rd period - Snap shot by Noel Gunler.
6:50 of 3rd period - Goal by Noel Gunler - Philadelphia Phantoms : 3 - Peoria Rivermen : 3.
6:51 of 3rd period - Kai Uchacz wins face-off versus Jonas Rondbjerg in neutral zone.
8:00 of 3rd period - Slapshot by Nick Leddy.
8:00 of 3rd period - Shot Misses the Net.
8:02 of 3rd period - Slapshot by Tyler Tucker.
8:02 of 3rd period - Stopped by Cooper Black with a rebound.
8:24 of 3rd period - Wrist shot by Nils Aman.
8:24 of 3rd period - Shot Misses the Net.
8:26 of 3rd period - Backhand shot by Kai Uchacz.
8:26 of 3rd period - Shot Blocked by Mason Lohrei.
8:28 of 3rd period - Slapshot by Albert Johansson.
8:28 of 3rd period - Stopped by Jaxson Stauber without a rebound.
8:29 of 3rd period - Oskar Sundqvist wins face-off versus Noah Laba in Peoria Rivermen zone.
8:42 of 3rd period - Snap shot by Tyson Kozak.
8:42 of 3rd period - Deflect By Adam Klapka.
8:42 of 3rd period - Stopped by Cooper Black with a rebound.
9:01 of 3rd period - Snap shot by Alex Steeves.
9:01 of 3rd period - Shot Misses the Net.
9:03 of 3rd period - Slapshot by Samuel Johannesson.
9:03 of 3rd period - Stopped by Jaxson Stauber with a rebound.
9:05 of 3rd period - Snap shot by Alex Steeves.
9:05 of 3rd period - Stopped by Jaxson Stauber without a rebound.
9:06 of 3rd period - Kai Uchacz wins face-off versus Colin Blackwell in Peoria Rivermen zone.
9:16 of 3rd period - Wrist shot by Nils Aman.
9:16 of 3rd period - Stopped by Jaxson Stauber without a rebound.
9:17 of 3rd period - Kai Uchacz wins face-off versus Oskar Sundqvist in Peoria Rivermen zone.
9:28 of 3rd period - Wrist shot by Marc Gatcomb.
9:28 of 3rd period - Shot Misses the Net.
9:30 of 3rd period - Snap shot by Nils Aman.
9:30 of 3rd period - Goal by Nils Aman - Philadelphia Phantoms : 4 - Peoria Rivermen : 3.
9:31 of 3rd period - Colin Blackwell wins face-off versus Noah Laba in neutral zone.
10:07 of 3rd period - Slapshot by Mason Lohrei.
10:07 of 3rd period - Shot Blocked by Kai Uchacz.
10:17 of 3rd period - Snap shot by Jaroslav Chmelar.
10:17 of 3rd period - Goal by Jaroslav Chmelar - Philadelphia Phantoms : 5 - Peoria Rivermen : 3.
10:18 of 3rd period - Noah Laba wins face-off versus Jonas Rondbjerg in neutral zone.
11:01 of 3rd period - Off-side.
11:02 of 3rd period - Nico Sturm wins face-off versus Kai Uchacz in neutral zone.
11:27 of 3rd period - Colin Blackwell is hit by Michael Callahan and loses puck.
11:46 of 3rd period - Tyler Tucker is hit by Jaroslav Chmelar and loses puck.
12:33 of 3rd period - Snap shot by Marc Gatcomb.
12:33 of 3rd period - Goal by Marc Gatcomb - Philadelphia Phantoms : 6 - Peoria Rivermen : 3.
12:34 of 3rd period - Colin Blackwell wins face-off versus Noah Laba in neutral zone.
12:37 of 3rd period - Snap shot by Zachary Bolduc.
12:37 of 3rd period - Stopped by Cooper Black with a rebound.
12:47 of 3rd period - Wrist shot by Adam Klapka.
12:47 of 3rd period - Stopped by Jaxson Stauber with a rebound.
12:59 of 3rd period - Jaroslav Chmelar is hit by Patrick Giles.
13:26 of 3rd period - Slapshot by Nico Sturm.
13:26 of 3rd period - Shot Misses the Net.
13:37 of 3rd period - Sean Walker is hit by Nils Aman and loses puck.
14:36 of 3rd period - Mason Lohrei is hit by Alex Steeves and loses puck.
15:10 of 3rd period - Snap shot by Michael Carcone.
15:10 of 3rd period - Stopped by Jaxson Stauber with a rebound.
15:22 of 3rd period - Mason Lohrei is hit by Michael Carcone and loses puck.
15:37 of 3rd period - Jalen Chatfield is hit by Tyler Kleven and loses puck.
16:52 of 3rd period - Slapshot by Nick Leddy.
16:52 of 3rd period - Stopped by Cooper Black with a rebound.
18:02 of 3rd period - Tye Kartye is hit by Colin Blackwell and loses puck.
18:23 of 3rd period - Slapshot by Sean Walker.
18:23 of 3rd period - Shot Misses the Net.
18:25 of 3rd period - Snap shot by Riley Duran.
18:25 of 3rd period - Shot Blocked by Ryan Johnson.
18:35 of 3rd period - Jonathan Gruden is hit by Jaroslav Chmelar and loses puck.
19:23 of 3rd period - Nikolai Kovalenko is hit by Colin Blackwell and loses puck.
19:32 of 3rd period - Ryan Johnson is hit by Tyler Tucker and loses puck.
Goals for this period are 4 for Philadelphia Phantoms vs 0 for Peoria Rivermen.
Shots for this period are 18 for Philadelphia Phantoms vs 5 for Peoria Rivermen.
Back to the Top